 Dungeon Crawl Stone Soup version 0.31.0-11-ge490571c62 (webtiles) character file.

Game seed: 3285693701509215163

10566 sanka the Grappler (level 11, 108/113 HPs)
             Began as a Troll Shapeshifter on Feb 1, 2024.
             Was a High Priest of Okawaru.
             Quit the game on level 1 of the Lair of Beasts.
             The game lasted 00:16:51 (8636 turns).

sanka the Grappler (Troll Shapeshifter)             Turns: 8636, Time: 00:16:52

Health: 108/113    AC: 12    Str: 24    XL:     11   Next: 37%
Magic:  13/13      EV: 10    Int:  6    God:    Okawaru [*****.]
Gold:   465        SH:  0    Dex: 13    Spells: 10/10 levels left

rFire   . .          .
                       - Unarmed
rCold   + . .        (no shield)
rNeg    . . .        a - +0 swamp dragon scales
rPois   +            (helmet restricted)
rElec   .            P - +2 cloak {Stlth+}
rCorr   .            (gloves unavailable)
SInv    .            (boots unavailable)
Will    .....        (no amulet)
Stlth   ++           y - ring of protection from cold
HPRegen 1.18/turn    r - ring of flight
MPRegen 0.13/turn

%: no passive effects
@: flying, studying Shapeshifting
A: large, unfitting armour, claws 3, regeneration 1, shaggy fur 1, tough skin 1
a: Renounce Religion, Heroism, Finesse, Duel


You were on level 1 of the Lair of Beasts.
You worshipped Okawaru.
Okawaru was extremely pleased with you.
You visited 3 branches of the dungeon, and saw 11 of its levels.

You collected 465 gold pieces.


Innate Abilities, Weirdness & Mutations

You are too large for most types of armour.
You have claws for hands.
Your natural rate of healing is unusually fast.
You are covered in fur. (AC +1)
You have tough skin. (AC +1)


   Skills:
 + Level 8.8 Fighting
 + Level 3.8 Dodging
 * Level 11.6 Unarmed Combat
 - Level 5.0 Invocations
 - Level 7.0 Shapeshifting


You had 10 spell levels left.
You didn't know any spells.
Your spell library contained the following spells:

 Spells                   Type           Power      Damage    Failure   Level
 Magic Dart               Conj           0%         1d3       61%         1
 Necrotise                Necr           0%         1d4       61%         1
 Blink                    Tloc           0%         N/A       75%         2
 Gell's Gravitas          Tloc           0%         N/A       93%         3
 Ozocubu's Armour         Ice            0%         N/A       93%         3
 Teleport Other           Tloc           0%         N/A       93%         3
 Vampiric Draining        Necr           0%         2d6       93%         3
 Curse of Agony           Necr           0%         N/A       100%        5
 Metabolic Englaciation   Hex/Ice        0%         N/A       100%        5
 Dispersal                Tloc           0%         N/A       100%        6
 Call Imp                 Summ           Unusable   N/A       N/A         2
 Martyr's Knell           Necr/Summ      Unusable   N/A       N/A         4
 Sculpt Simulacrum        Ice/Alch       Unusable   N/A       N/A         6

Inventory:

Missiles
 G - 3 large rocks {=f}
Armour
 a - +0 swamp dragon scales (worn)
 P - a +2 cloak of stealth (worn)
Jewellery
 r - a ring of flight (right claw)
 y - a ring of protection from cold (left claw)
 O - an amulet of reflection
Talismans
 d - a flux talisman
 n - a beast talisman
 B - a serpent talisman
 E - a blade talisman
Wands
 x - a wand of roots (6)
 A - a wand of polymorph (15)
Scrolls
 c - a scroll of immolation {!r}
 e - a scroll of torment {!r}
 p - 8 scrolls of teleportation {@r4}
 s - 4 scrolls of enchant armour
 u - a scroll of amnesia
 v - 2 scrolls of vulnerability {!r}
 w - 2 scrolls of revelation
 C - 3 scrolls of fear
 K - a scroll of noise {!r}
Potions
 b - 2 potions of lignification {!q}
 h - 3 potions of magic {unknown}
 i - 2 potions of curing {unknown}
 j - 2 potions of might {unknown}
 k - 4 potions of haste {unknown}
 l - a potion of invisibility {unknown}
 m - 2 potions of brilliance {unknown}
 o - 7 potions of heal wounds {unknown}
 q - 2 potions of enlightenment {unknown}
 D - a potion of degeneration {unknown}
 H - a potion of ambrosia {unknown}
 J - a potion of mutation {unknown}
 M - 2 potions of cancellation {unknown}

Dungeon Overview and Level Annotations

Branches:
Dungeon (9/15)             Temple (1/1) D:4            Lair (1/5) D:9
    Orc (0/2) D:9

Altars:
Ashenzari
Cheibriados
Dithmenos
Elyvilon
Fedhas
Gozag
Hepliaklqana
Kikubaaqudgha
Makhleb
Nemelex Xobeh
Okawaru
Qazlal
Ru
Sif Muna
Trog
Uskayaw
Vehumet
Wu Jian
Xom
Yredelemnul
Zin
The Shining One

Shops:
D:9 *

Annotations:
D:5 1 runed translucent door, raph's ghost, novice DEFE
D:9 exclusion: downstairs

▒............▒▒▒▒..▒.
▒..###▒▒▒▒.▒▒....▒...
▒..###▒ ▒▒▒....>..▒.
▒...##▒ ▒▒....▒...
▒..###▒ ▒.....▒.▒(
▒...#.▒▒ ▒▒.....▒.▒
▒▒......▒ ▒....▒▒▒▒
▒.......▒ .▒▒▒▒▒
▒▒...T.▒▒ ▒▒ ▒P.....▒
▒▒.....▒ ▒.....▒
▒...... ▒.......
▒....... ▒........


There were no monsters in sight!


Message History

Unknown command.
Unknown command.
The water moccasin hisses angrily.
The water moccasin closely misses you.
Unknown command.
You miss the water moccasin.
The water moccasin bites you but does no damage.
Unknown command.
You scratch the water moccasin.
The water moccasin is lightly wounded.
The water moccasin barely misses you.
Unknown command.
You closely miss the water moccasin.
The water moccasin is lightly wounded.
The water moccasin bites you but does no damage.
You miss the water moccasin.
The water moccasin bites you but does no damage.
The water moccasin bites you.
Unknown command.
You closely miss the water moccasin. The water moccasin barely misses you.
You mangle the water moccasin!!
The water moccasin is severely wounded.
The water moccasin bites you.
Unknown command.
You claw the water moccasin!
You kill the water moccasin!
Okawaru accepts your kill.
Unknown command.
Are you sure you want to abandon this character and quit the game? (Confirm with "yes".)

Action                     |  1- 3 |  4- 6 |  7- 9 | 10-12 || total
---------------------------+-------+-------+-------+-------++-------
  Melee: Unarmed           |    62 |   122 |   168 |   233 ||   585
         Punch             |     1 |     2 |     5 |    14 ||    22
 Invoke: Heroism           |       |       |     2 |     2 ||     4
    Use: Scroll            |       |       |       |    15 ||    15
   Stab: Sleeping          |     3 |     1 |       |     1 ||     5
         Distracted        |       |       |     1 |       ||     1
 Armour: Animal skin       |    34 |    63 |   100 |       ||   197
         Skin              |       |       |     3 |       ||     3
         Swamp dragon scal |       |       |    34 |   189 ||   223
         Steam dragon scal |       |       |    13 |       ||    13
  Dodge: Dodged            |    27 |    41 |    94 |    90 ||   252
         Form:             |       |       |       |     1 ||     1
         Beast             |       |       |       |     1 ||     1

Levels and vault maps discovered:
D:1:      elethiomel_arrival_maze, layout_basic
D:2:      layout_loops_corners, chequers_serial_rivers_large_b, st_stairs_12,
          uniq_jessica
D:3:      minmay_spotlight, layout_loops_ring, kennysheep_pointless_box,
          uniq_crazy_yiuf_cottage, uniq_terence
D:4:      layout_basic, minmay_temple_entry_glass,
          serial_library_hellmonk_room_b, kennysheep_small_circle
D:5:      layout_rooms, serial_glass, glass_columns_b, glass_columns_b,
          ebering_ghost_reflecting_pool, uniq_edmund, uniq_sigmund
D:6:      layout_cave_pods
D:7:      layout_cave_pools, uniq_menkaure
D:8:      layout_layer_cave, worldfamousw_hep_ancestral_shrine, serial_undead,
          serial_undead_c, serial_undead_d, serial_undead_a, serial_undead_d,
          uniq_psyche, uniq_maggie
D:9:      layout_long_grid, lair_entry_dummy, david_orc_3,
          biasface_ghost_orc_armoury, nicolae_blasting_shop, grunt_ministairs_5,
          kennysheep_small_spiral, dilly_guarded_unrand_morg
Temple:   mainiacjoe_temple_archimedes_tessellation
Lair:1:   layout_cellular_growth, infiniplex_staircase_pool, grunt_megastairs_1

Notes
Turn   | Place    | Note
-------+----------+-------------------------------------------
     0 | D:1      | sanka the Troll Shapeshifter began the quest for the Orb.
     0 | D:1      | Reached XP level 1. HP: 18/18 MP: 0/0
    61 | D:1      | Reached skill level 1 in Fighting
   184 | D:1      | Reached XP level 2. HP: 28/28 MP: 1/1
   490 | D:1      | Reached skill level 2 in Fighting
  1211 | D:2      | Reached XP level 3. HP: 32/35 MP: 2/2
  1271 | D:2      | Reached skill level 4 in Unarmed Combat
  1372 | D:2      | Noticed Jessica
  1376 | D:2      | Killed Jessica
  1377 | D:2      | Reached XP level 4. HP: 21/42 MP: 3/3
  1815 | D:2      | Reached skill level 5 in Unarmed Combat
  1961 | D:3      | Noticed Terence
  1965 | D:3      | Killed Terence
  1966 | D:3      | Reached XP level 5. HP: 40/49 MP: 4/4
  2439 | D:3      | Found a runed translucent door.
  2440 | D:3      | Noticed Crazy Yiuf
  2637 | D:3      | Killed Crazy Yiuf
  2638 | D:3      | Reached skill level 6 in Unarmed Combat
  2762 | D:4      | Found a staircase to the Ecumenical Temple.
  2773 | D:4      | Reached XP level 6. HP: 54/57 MP: 5/5
  2785 | Temple   | Entered the Ecumenical Temple
  2824 | Temple   | Became a worshipper of Warmaster Okawaru
  3096 | D:4      | Reached skill level 7 in Unarmed Combat
  3493 | D:5      | Entered Level 5 of the Dungeon
  3502 | D:5      | Reached XP level 7. HP: 63/65 MP: 6/6
  3657 | D:5      | Reached skill level 8 in Unarmed Combat
  3679 | D:5      | Noticed Sigmund
  3700 | D:5      | Killed Sigmund
  3700 | D:5      | Reached * piety under Okawaru
  3701 | D:5      | Reached skill level 9 in Unarmed Combat
  3828 | D:5      | Found a runed translucent door.
  3838 | D:5      | Noticed raph's ghost (novice DEFE)
  3874 | D:5      | Noticed a two-headed ogre
  3878 | D:5      | Noticed Edmund
  3882 | D:5      | Killed a two-headed ogre
  3882 | D:5      | Reached ** piety under Okawaru
  3883 | D:5      | Reached skill level 10 in Unarmed Combat
  3883 | D:5      | Reached skill level 3 in Fighting
  3883 | D:5      | Reached skill level 2 in Invocations
  3883 | D:5      | Reached XP level 8. HP: 75/75 MP: 4/8
  3901 | D:5      | HP: 5/75 [Edmund/+1 flail of distortion (23)]
  3977 | D:5      | Killed Edmund
  3978 | D:5      | Reached skill level 3 in Invocations
  4072 | D:5      | Reached skill level 4 in Fighting
  4570 | D:6      | Reached skill level 4 in Invocations
  4570 | D:6      | Reached XP level 9. HP: 81/84 MP: 9/11
  4842 | D:6      | Reached *** piety under Okawaru
  5184 | D:7      | Reached skill level 5 in Fighting
  5185 | D:7      | Reached skill level 5 in Invocations
  5238 | D:7      | Noticed Menkaure
  5654 | D:7      | Killed Menkaure
  5820 | D:8      | Identified +0 steam dragon scales
  5821 | D:8      | Reached skill level 6 in Fighting
  5851 | D:8      | Reached **** piety under Okawaru
  5874 | D:8      | Identified +0 swamp dragon scales
  5874 | D:8      | Noticed Maggie
  5885 | D:8      | Killed Maggie
  5886 | D:8      | Reached skill level 7 in Fighting
  6065 | D:7      | Reached XP level 10. HP: 52/102 MP: 10/12
  6068 | D:7      | Reached skill level 8 in Fighting
  6224 | D:8      | Reached skill level 4 in Shapeshifting
  6347 | D:8      | Found a hazy altar of Hepliaklqana.
  6422 | D:8      | Reached ***** piety under Okawaru
  6423 | D:8      | Reached skill level 5 in Shapeshifting
  6524 | D:8      | Reached skill level 6 in Shapeshifting
  6563 | D:8      | Noticed Psyche
  6574 | D:8      | Killed Psyche
  7127 | D:9      | Reached skill level 7 in Shapeshifting
  7132 | D:9      | Received a gift from Okawaru
  7135 | D:9      | Reached skill level 2 in Dodging
  7273 | D:9      | Found a staircase to the Orcish Mines.
  7273 | D:9      | Noticed a two-headed ogre
  7286 | D:9      | Killed a two-headed ogre
  7426 | D:9      | Noticed a skeletal warrior
  7428 | D:9      | Reached XP level 11. HP: 105/113 MP: 13/13
  7446 | D:9      | Killed a skeletal warrior
  7447 | D:9      | Reached skill level 3 in Dodging
  7461 | D:9      | Reached skill level 11 in Unarmed Combat
  7467 | D:9      | Identified the +5 dagger of the Living Dead {pain, Dex+2}
  7528 | D:9      | Received a gift from Okawaru
  7726 | D:9      | Found Etroc's Demolitions Depot.
  7837 | D:9      | Found a staircase to the Lair.
  7904 | D:9      | Found a runed translucent gate.
  7904 | D:9      | Identified the +2 chain mail of the Blue Skies {Str+3}
  7905 | D:9      | Found a runed translucent gate.
  7906 | D:9      | Found a runed translucent gate.
  7906 | D:9      | Noticed Torious's ghost (journeyman DECj)
  7911 | D:9      | Identified the +0 scale mail of Happy Babbling {rN+}
  8264 | D:9      | Killed Torious's ghost
  8378 | Lair:1   | Entered Level 1 of the Lair of Beasts
  8393 | D:9      | Identified a scroll of acquirement
  8393 | D:9      | Acquired a manual of Shapeshifting
  8636 | Lair:1   | Quit the game

Vanquished Creatures
  2 two-headed ogres
  The ghost of Torious the Destroyer, a journeyman DECj of Sif Muna (D:9)
  A skeletal warrior (D:9)
  A black mamba (Lair:1)
  Maggie (D:8)
  An unseen horror zombie (D:8)
  Psyche (D:8)
  A troll (D:9)
  A hornet (D:8)
  Sigmund (D:5)
  3 slime creatures (D:8)
  2 wraiths (D:9)
  2 unseen horror simulacra (D:9)
  6 yaks
  2 steam dragons
  A warg (D:9)
  Menkaure (D:7)
  Edmund (D:5)
  A water moccasin (Lair:1)
  2 ice beasts (D:6)
  A sky beast (D:7)
  A hornet zombie (D:8)
  3 orc warriors (D:9)
  3 ogres (D:5)
  5 centaurs
  A phantom (D:4)
  A gnoll sergeant (D:8)
  5 bullfrogs
  3 scorpions
  A wyvern zombie (D:8)
  10 wights
  6 killer bees (D:9)
  A howler monkey (D:7)
  An electric eel (Lair:1)
  2 centaur zombies (D:8)
  5 hounds
  2 bombardier beetles
  3 jellies
  Crazy Yiuf (D:3)
  5 orc priests (D:9)
  3 iguanas
  Jessica (D:2)
  A sleepcap (D:5)
  Terence (D:3)
  3 orc wizards (D:9)
  2 killer bee zombies (D:8)
  A spectral howler monkey (D:9)
  2 howler monkey zombies (D:8)
  A killer bee simulacrum (D:9)
  11 adders
  4 gnolls
  A shadow imp (D:6)
  3 white imps
  3 dart slugs
  3 ribbon worms (D:2)
  35 orcs
  4 bats
  3 endoplasms (D:3)
  4 giant cockroaches
  5 goblins
  4 hobgoblins
  5 jackals
  4 quokkas
  9 ball pythons
  A frilled lizard (D:3)
  3 kobolds
  5 rats
214 creatures vanquished.
